 Dungeon Crawl Stone Soup version 0.31-a0-112-gdf0485fa37 (webtiles) character file.

Game seed: 12306480229489278216

4490 Sobieck the Devastator (level 10, 0/50 HPs)
             Began as a Tengu Conjurer on May 28, 2023.
             Was a Believer of Vehumet.
             Killed from afar by an acid dragon (33 damage)
             ... with a splash of acid
             ... on level 9 of the Dungeon.
             The game lasted 00:21:44 (11809 turns).

Sobieck the Devastator (Tengu Conjurer)            Turns: 11809, Time: 00:21:44

Health: 0/50       AC: -2    Str:  7    XL:     10   Next: 38%
Magic:  14/18      EV: 14    Int: 23    God:    Vehumet [**....]
Gold:   501        SH:  5    Dex: 13    Spells: 8/19 levels left

rFire   . . .        (no weapon)
rCold   . . .        (no shield)
rNeg    . . .        a - +0 robe
rPois   .            (helmet restricted)
rElec   .            (no cloak)
rCorr   .            (no gloves)
SInv    .            (boots unavailable)
Will    .....        s - amulet of reflection
Stlth   ++           p - ring of wizardry
HPRegen 0.28/turn    (no ring)
MPRegen 0.16/turn

%: reflection, wizardry (x1)
@: corroded, flying quickly and evasively, quick
A: beak, talons 3, nimble flight
a: Renounce Religion


You were on level 9 of the Dungeon.
You worshipped Vehumet.
Vehumet was pleased with you.
You visited 1 branch of the dungeon, and saw 9 of its levels.

You collected 501 gold pieces.

Inventory:

Missiles
 F - 3 curare-tipped darts
Armour
 a - a +0 robe (worn)
 f - a +0 pair of gloves
 j - a scarf of shadows
Magical Staves
 k - a staff of death
Jewellery
 m - a ring of flight
 p - a ring of wizardry (left hand)
 s - an amulet of reflection (around neck)
 t - a +6 ring of intelligence
Wands
 u - a wand of roots (4)
 E - a wand of charming (2)
 V - a wand of flame (34)
Scrolls
 d - a scroll of summoning
 i - 2 scrolls of enchant weapon
 l - 2 scrolls of immolation
 n - a scroll of noise
 R - a scroll of identify
Potions
 c - a potion of invisibility
 e - a potion of attraction {unknown}
 g - a potion of haste {unknown}
 h - a potion of lignification {unknown}
 q - 2 potions of brilliance {unknown}
 r - a potion of might
 v - a potion of berserk rage {unknown}


   Skills:
 - Level 2.1 Dodging
 - Level 2.0 Stealth
 - Level 5.0 Spellcasting
 + Level 16.3 Conjurations
 - Level 4.0 Hexes
 - Level 3.0 Translocations


You had 8 spell levels left.
You knew the following spells:

 Your Spells              Type           Power      Damage    Failure   Level
a - Magic Dart            Conj           100%       1d8       0%          1
b - Searing Ray           Conj           100%       2d8       0%          2
c - Fulminant Prism       Conj/Hex       25%        3d14      1%          4
d - Iskenderun's Mystic   Conj/Tloc      50%        2d11      1%          4

Your spell library contained the following spells:

 Spells                   Type           Power      Damage    Failure   Level
 Kiss of Death            Conj/Necr      100%       2d13      1%          1
 Shock                    Conj/Air       100%       1d9       1%          1
 Lesser Beckoning         Tloc           38%        N/A       1%          2
 Dazzling Flash           Conj/Hex       100%       N/A       1%          3
 Portal Projectile        Hex/Tloc       42%        N/A       2%          3
 Gell's Gravitas          Tloc           19%        N/A       3%          3
 Teleport Other           Tloc           19%        N/A       3%          3
 Sting                    Tmut/Pois      20%        1d4       4%          1
 Poisonous Vapours        Pois/Air       10%        N/A       6%          2
 Call Canine Familiar     Summ           5%         N/A       12%         3
 Swiftness                Air            5%         N/A       12%         3
 Leda's Liquefaction      Hex/Erth       7%         N/A       16%         4
 Airstrike                Air            2%         2d(1-17)  34%         4
 Olgreb's Toxic Radiance  Pois           5%         N/A       34%         4


Dungeon Overview and Level Annotations

Branches:
Dungeon (9/15)             Temple (0/1) D:7
   Lair: D:8-11         Orc: D:9-12

Altars:
Ashenzari
Elyvilon
Gozag
Makhleb
Nemelex Xobeh
Okawaru
Ru
Sif Muna
Uskayaw
Vehumet
Yredelemnul
The Shining One

Shops:
D:3 :   D:5 (   D:6 *   D:9 =[

Annotations:
D:3 Sigmund
D:5 3 runed translucent doors, voltaire321's ghost, novice KoEn
D:7 3 runed translucent doors, ZoeForever1's ghost, novice DEAE


Innate Abilities, Weirdness & Mutations

You have a beak for a mouth.
You have claws for feet.
Your magical nature lets you fly swiftly and evasively.


Message History

You feel your power returning.
The steam dragon scales are intact enough to wear.
You hear a roar!
Unknown command.
Unknown command.
Unknown command.
You are engulfed in a cloud of scalding steam.
You fly upwards.
There is a stone staircase leading down here.
Unknown command.
Unknown command.
You start resting.
Magic restored.
You start resting.
HP restored.
Unknown command.
Unknown command.
You fly downwards.
There is a stone staircase leading up here.
Unknown command.
Unknown command.
Unknown command.
Found an escape hatch in the ceiling.
There is an entrance to Afryobofu's Jewellery Emporium here.
You can access your shopping list by pressing '$'.
Unknown command.
An acid dragon comes into view.
The acid dragon roars!
The acid dragon spits acid at you. The splash of acid hits you!!
The acid corrodes you!
Danger!
Unknown command.
Casting: Fulminant Prism (dangerous; 1% risk of failure)
Confirm with . or Enter, or press ? or * to list all spells.
Aiming: Fulminant Prism (dangerous; 1% risk of failure)
Press: ? - help, Dir - move target You conjure a prism of explosive energy!
A fulminant prism comes into view.
Unknown command.
Your fulminant prism crackles loudly.
There is a stone staircase leading up here.
Unknown command.
Your fulminant prism explodes!
The blast of energy engulfs the acid dragon!!
The acid dragon is severely wounded.
Unknown command.
The acid dragon spits acid at you. The splash of acid hits you!!
Ouch! That really hurt!
You die...

..................
..................
..................
..................
..................
........[.........
..................
.......∩..@.......
.....#............
<.. ##...........
. ##..........
#....∩......
#............
...D..........
..............#
..............##


You could see an acid dragon (catching breath).

Vanquished Creatures
  5 yaks
  A wyvern (D:6)
  A steam dragon (D:9)
  3 water moccasins
  4 orc warriors
  2 black bears
  An ice beast (D:7)
  6 ogres
  2 centaurs
  A phantom (D:4)
  A kobold brigand (D:8)
  4 bullfrogs
  A gnoll sergeant (D:8)
  4 scorpions
  3 wights
  A howler monkey (D:7)
  6 orc priests
  2 hounds
  A jelly (D:6)
  A sleepcap (D:6)
  6 iguanas
  11 orc wizards
  10 gnolls
  2 adders
  A shadow imp (D:7)
  An ufetubus (D:5)
  3 worms
  4 dart slugs
  34 orcs
  5 ball pythons
  11 endoplasms
  3 giant cockroaches
  8 goblins
  5 hobgoblins
  2 jackals (D:3)
  5 bats
  A frilled lizard (D:3)
  11 kobolds
  5 rats
178 creatures vanquished.

Vanquished Creatures (others)
  61 fulminant prisms
61 creatures vanquished.

Grand Total: 239 creatures vanquished

Notes
Turn   | Place    | Note
-------+----------+-------------------------------------------
     0 | D:1      | Sobieck the Tengu Conjurer began the quest for the Orb.
     0 | D:1      | Reached XP level 1. HP: 10/10 MP: 4/4
   119 | D:1      | Found a faded altar of an unknown god.
   185 | D:1      | Reached XP level 2. HP: 15/15 MP: 3/6
   328 | D:1      | Reached skill level 6 in Conjurations
  1133 | D:1      | Learned a level 2 spell: Searing Ray
  1161 | D:2      | Reached XP level 3. HP: 16/19 MP: 3/7
  2388 | D:3      | Reached skill level 7 in Conjurations
  2434 | D:3      | Found Ischer's Book Shoppe.
  2435 | D:3      | Noticed Sigmund
  2691 | D:3      | Reached XP level 4. HP: 24/24 MP: 4/8
  2784 | D:3      | Reached skill level 3 in Spellcasting
  2789 | D:3      | Learned a level 4 spell: Fulminant Prism
  3076 | D:3      | Gained mutation: Your magical nature lets you fly swiftly
                  | and evasively. [Tengu growth]
  3076 | D:3      | Reached XP level 5. HP: 28/28 MP: 4/10
  3463 | D:3      | Reached skill level 8 in Conjurations
  3686 | D:4      | Reached skill level 1 in Hexes
  3779 | D:4      | Noticed a black bear
  3785 | D:4      | Killed a black bear
  3786 | D:4      | Reached XP level 6. HP: 32/32 MP: 3/11
  3939 | D:4      | Reached skill level 3 in Hexes
  4060 | D:4      | Reached XP level 7. HP: 36/36 MP: 5/13
  4307 | D:4      | Found a white marble altar of Elyvilon.
  4307 | D:4      | Found a hide-covered altar of Uskayaw.
  4834 | D:5      | Entered Level 5 of the Dungeon
  4882 | D:5      | Found a runed translucent gate.
  5098 | D:4      | Reached skill level 9 in Conjurations
  5098 | D:4      | Reached XP level 8. HP: 23/41 MP: 1/16
  5575 | D:4      | Learned a level 4 spell: Iskenderun's Mystic Blast
  5668 | D:5      | Reached skill level 10 in Conjurations
  5861 | D:5      | Found a glowing golden altar of the Shining One.
  5861 | D:5      | Found a radiant altar of Vehumet.
  5876 | D:5      | Became a worshipper of Vehumet
  5931 | D:5      | Found a runed translucent gate.
  5932 | D:5      | Found a runed translucent gate.
  5964 | D:5      | Noticed voltaire321's ghost (novice KoEn)
  6120 | D:5      | Found Jioter's Weapon Emporium.
  6362 | D:5      | Found a broken altar of Ashenzari.
  6499 | D:6      | Reached skill level 1 in Translocations
  6724 | D:6      | Found Gaolul's General Store.
  7161 | D:6      | Found a sacrificial altar of Ru.
  7163 | D:6      | Found a basalt altar of Yredelemnul.
  7426 | D:6      | Reached skill level 11 in Conjurations
  7426 | D:6      | Reached XP level 9. HP: 45/45 MP: 8/17
  7429 | D:6      | Reached * piety under Vehumet
  7429 | D:6      | Offered knowledge of Freeze by Vehumet.
  7430 | D:6      | Reached skill level 3 in Translocations
  8195 | D:6      | Reached skill level 12 in Conjurations
  8596 | D:7      | Found a runed translucent gate.
  8596 | D:7      | Found a runed translucent gate.
  8597 | D:7      | Found a runed translucent gate.
  8599 | D:7      | Noticed ZoeForever1's ghost (novice DEAE)
  8643 | D:7      | Reached skill level 13 in Conjurations
  8726 | D:7      | Found a staircase to the Ecumenical Temple.
  8747 | D:7      | Found a burning altar of Makhleb.
  8786 | D:7      | Found a sparkling altar of Nemelex Xobeh.
  9347 | D:7      | Found an opulent altar of Gozag.
  9413 | D:7      | Found a shimmering blue altar of Sif Muna.
  9903 | D:8      | Reached skill level 14 in Conjurations
 10072 | D:7      | Reached ** piety under Vehumet
 10072 | D:7      | Offered knowledge of Kiss of Death by Vehumet.
 10384 | D:8      | Reached XP level 10. HP: 50/50 MP: 13/18
 10493 | D:8      | Reached skill level 15 in Conjurations
 10845 | D:8      | Reached skill level 16 in Conjurations
 11182 | D:8      | Found an iron altar of Okawaru.
 11334 | D:8      | Noticed a boulder beetle
 11691 | D:9      | Found Afryobofu's Jewellery Emporium.
 11691 | D:9      | Found Syithren's Antique Armour Emporium.
 11809 | D:9      | Killed from afar by an acid dragon

Illustrated notes

Levels and vault maps discovered:
D:1:      shiori_arrival_oz, layout_loops_cross,
          hellmonk_ecumenical_altar_crossroads, dreamdust_princess_corridor,
          roderic_serpentine_path, grunt_decor_cap,
          corexii_item_surrounded_by_moat
D:2:      layout_basic
D:3:      layout_basic, serial_shops, shop, uniq_sigmund
D:4:      layout_cave_pods, grunt_temple_overflow_open,
          kennysheep_generic_room_11
D:5:      layout_rooms, old_standard_altar, jmf_multi_god_temple, serial_shops,
          nicolae_shop_just_a_little_nook, gammafunk_ghost_icy, minivault_19,
          minmay_misc_feat_tower
D:6:      layout_basic, minitemple, nicolae_wooded_promenade
D:7:      layout_layer_cave, mainiacjoe_overflow_catch_the_wave,
          mainiacjoe_overflow_tiny_flanked, nemelex_dance_club_becter,
          minmay_temple_entry_slanted, gammafunk_ghost_necromancy
D:8:      layout_gridville, old_standard_altar
D:9:      layout_big_octagon, grunt_temple_overflow_growth_and_decay,
          serial_shops, shop, nicolae_shop_drivethru, shop, dk_noncrumbling_3,
          minmay_misc_feat_columns

Skill      XL: |  1  2  3  4  5  6  7  8  9 10 |
---------------+-------------------------------+-----
Conjurations   | 6 7 8 9 11 14 16 | 16.3
Spellcasting   | 3 5 |  5.0
Hexes          | 2 3 4 |  4.0
Translocations | 2 3 |  3.0
Dodging        | |  2.1
Stealth        | |  2.0

Action                     |  1- 3 |  4- 6 |  7- 9 | 10-12 || total
---------------------------+-------+-------+-------+-------++-------
   Cast: Magic Dart        |    80 |    30 |   102 |     3 ||   215
         Searing Ray       |     2 |     9 |    31 |       ||    42
         Fulminant Prism   |       |       |    43 |    18 ||    61
         Iskenderun's Myst |       |       |    21 |    13 ||    34
  Evoke: Wand              |       |       |       |     1 ||     1
    Use: Scroll            |       |       |    14 |     1 ||    15
         Potion            |       |       |     3 |     1 ||     4
 Armour: Robe              |     2 |     1 |     5 |     1 ||     9
  Dodge: Dodged            |     5 |    10 |    43 |     3 ||    61
  Block: Other             |       |       |    11 |     1 ||    12
         Reflection        |       |       |     1 |       ||     1

Table legend: (Time is in decaauts)
 A = Elapsed time spent in this place.
 B = Non-inter-level travel time spent in this place.
 C = Inter-level travel time spent in this place.
 D = Time resting spent in this place.
 E = Time spent auto-exploring this place.
 F = Levels seen in this place.
 G = Mean time per level.
                   A        B        C        D        E       F      G
               +--------+--------+--------+--------+--------+-----+--------+
         Total |  11404 |  10964 |    440 |   2784 |   6764 |   9 | 1267.1 |
       Dungeon |  11404 |  10964 |    440 |   2784 |   6764 |   9 | 1267.1 |
               +--------+--------+--------+--------+--------+-----+--------+

Top non-repeatable levels by time:
     D:4: 1910 daAuts
     D:7: 1814 daAuts
     D:6: 1720 daAuts
     D:8: 1544 daAuts
     D:3: 1483 daAuts
     D:1: 1154 daAuts
     D:2: 996 daAuts
     D:5: 764 daAuts
     D:9: 16 daAuts
